 Dungeon Crawl Stone Soup version 0.32-a0-613-g40f424e (webtiles) character file.

Game seed: 5689493373920570648

79 Dorkslayer the Covered (level 4, -3/52 HPs)
             Began as a Human Fighter on Mar 4, 2024.
             Slain by an orc wizard
             ... wielding a +0 war axe
              (4 damage)
             ... on level 3 of the Dungeon.
             The game lasted 00:06:28 (2036 turns).

Dorkslayer the Covered (Human Fighter)              Turns: 2036, Time: 00:06:29

Health: -3/52      AC: 22    Str: 18    XL:     4   Next: 38%
Magic:  4/4        EV:  2    Int:  9    God:
Gold:   117        SH:  4    Dex: 12    Spells: 3/3 levels left

rFire   . . .        a - +0 war axe
rCold   . . .        c - +0 buckler
rNeg    . . .        k - melded +0 plate armour
rPois   +            b - melded +0 helmet
rElec   .            (cloak currently unavailable)
rCorr   .            (gloves currently unavailable)
SInv    .            (boots currently unavailable)
Will    +....        (no amulet)
Stlth   +            (no ring)
HPRegen 0.28/turn    (no ring)
MPRegen 0.09/turn

%: no passive effects
@: tree-form, enlightened, hasted, very quick
A: stationary, stasis, torment immunity, boosted hp, explore regen
a: no special abilities


You were on level 3 of the Dungeon.
You were a tree.
You visited 1 branch of the dungeon, and saw 3 of its levels.

You collected 117 gold pieces.

Inventory:

Hand Weapons
 a - a +0 war axe (weapon)
Armour
 b - a +0 helmet (melded)
 c - a +0 buckler (worn)
 k - a +0 plate armour (melded)
Wands
 g - a wand of flame (10)
Scrolls
 e - 2 scrolls of fog {unknown}
 j - 3 scrolls of identify {unknown}
Potions
 i - 2 potions of enlightenment


   Skills:
 + Level 3.3 Fighting
 + Level 2.4 Axes
 * Level 3.7 Armour
 * Level 1.8 Dodging
 + Level 0.1 Stealth
 + Level 3.2 Shields


You had 3 spell levels left.
You didn't know any spells.
Your spell library contained the following spells:

 Spells                   Type           Power      Damage    Failure   Level
 Lesser Beckoning         Tloc           0%         N/A       61%         2
 Gell's Gravitas          Tloc           0%         N/A       83%         3
 Teleport Other           Tloc           0%         N/A       83%         3


Dungeon Overview and Level Annotations

Branches:
Dungeon (3/15)

Altars:
Makhleb
Uskayaw


Innate Abilities, Weirdness & Mutations

You are a tree.
Your roots penetrate the ground, keeping you stationary.
You cannot be teleported.
You are immune to unholy pain and torment.
Your maximum health is greatly increased.
Your equipment is partially melded.
You regain HP and MP as you explore.


Message History

The orc wizard hits you with a +0 war axe.
* * * LOW HITPOINT WARNING * * *
The orc wizard points at you and mumbles some strange words.
The magic dart hits you.
* * * LOW HITPOINT WARNING * * *
It was a potion of enlightenment.
You feel very buoyant.
You fly up into the air.
You block the orc wizard's attack.
It was a potion of haste.
You feel yourself speed up.
The orc wizard hits you but does no damage.
It was a potion of lignification.
You turn into a tree.
Your +0 helmet melds into your body.
Your +0 plate armour melds into your body.
Your roots penetrate the ground.
You closely miss the orc wizard.
The orc wizard is moderately wounded.
The orc wizard hits you with a +0 war axe.
* * * LOW HITPOINT WARNING * * *
You closely miss the orc wizard.
The orc wizard is moderately wounded.
The orc wizard hits you but does no damage.
You closely miss the orc wizard.
The orc wizard is moderately wounded.
The orc wizard casts a spell at you. You block the puff of flame.
You barely miss the orc wizard.
The orc wizard is moderately wounded.
The orc wizard casts a spell at you.
The magic dart hits you but does no damage.
You barely miss the orc wizard.
The orc wizard is moderately wounded.
You block the orc wizard's attack.
You closely miss the orc wizard.
The orc wizard is moderately wounded.
The orc wizard hits you with a +0 war axe.
* * * LOW HITPOINT WARNING * * *
You slash the orc wizard!
The orc wizard is almost dead.
The orc wizard hits you with a +0 war axe.
You die...

......# #.......# #####
.# ... #.......# #.... .
' ... #.[.....# #.### .#.
.. .......#####.### '....
................
#.#.###....######.....
...#)o.g..#..........
.#####.#♣#....#..........
.........#.####.....#..##
##########'## #.....#..#.
............###.....#..#.
......o.......+.....+..#.
.......o.....##.....##.#.
.......#._.#.#......'....
...g.o.......#......##.##
.)..................'..(#


You could see an orc wizard and a goblin.

Vanquished Creatures
  Robin (D:3)
  A gnoll (D:1)
  A ribbon worm (D:2)
  A dart slug (D:3)
  3 orcs (D:3)
  3 ball pythons
  2 endoplasms
  2 giant cockroaches (D:1)
  11 goblins
  3 hobgoblins
  2 jackals (D:1)
  3 kobolds
  A quokka (D:3)
  6 bats
  4 frilled lizards
  3 rats
47 creatures vanquished.

Notes
Turn   | Place    | Note
-------+----------+-------------------------------------------
     0 | D:1      | Dorkslayer the Human Fighter began the quest for the Orb.
     0 | D:1      | Reached XP level 1. HP: 18/18 MP: 1/1
   190 | D:1      | Reached XP level 2. HP: 13/24 MP: 2/2
   384 | D:1      | Reached skill level 1 in Dodging
   586 | D:1      | Reached XP level 3. HP: 27/29 MP: 3/3
  1404 | D:2      | Found a hide-covered altar of Uskayaw.
  1712 | D:3      | Noticed Robin
  1731 | D:3      | Killed Robin
  1732 | D:3      | Reached XP level 4. HP: 21/35 MP: 4/4
  1950 | D:3      | Found a burning altar of Makhleb.
  2035 | D:3      | HP: 1/52 [orc wizard/+0 war axe (5)]
  2036 | D:3      | Slain by an orc wizard

Illustrated notes

Levels and vault maps discovered:
D:1:      tarquinn_simple_flora_water_a, layout_loops_corners
D:2:      layout_loops_ring, basic_altar, minmay_crystal_room
D:3:      minmay_general_purpose_star, layout_basic,
          mainiacjoe_overflow_tiny_flanked, uniq_terence, uniq_robin

Skill      XL: |  1  2 |
---------------+-------+-----
Dodging        | 1 |  1.8
Fighting       | |  3.3
Axes           | |  2.4
Armour         | |  3.7
Stealth        | |  0.1
Shields        | |  3.2

Action                     |  1- 3 |  4- 6 || total
---------------------------+-------+-------++-------
  Melee: War axe           |   100 |    52 ||   152
    Use: Scroll            |     5 |       ||     5
         Potion            |     1 |     3 ||     4
 Armour: Scale mail        |    64 |       ||    64
         Plate armour      |    16 |    36 ||    52
         Skin              |       |     5 ||     5
  Dodge: Dodged            |    56 |    17 ||    73
  Block: Buckler           |    26 |    13 ||    39

Table legend: (Time is in decaauts)
 A = Elapsed time spent in this place.
 B = Non-inter-level travel time spent in this place.
 C = Inter-level travel time spent in this place.
 D = Time resting spent in this place.
 E = Time spent auto-exploring this place.
 F = Levels seen in this place.
 G = Mean time per level.
                   A        B        C        D        E       F      G
               +--------+--------+--------+--------+--------+-----+--------+
         Total |   2096 |   2096 |      0 |     73 |   1272 |   3 |  698.7 |
       Dungeon |   2096 |   2096 |      0 |     73 |   1272 |   3 |  698.7 |
               +--------+--------+--------+--------+--------+-----+--------+

Top non-repeatable levels by time:
     D:1: 901 daAuts
     D:2: 755 daAuts
     D:3: 440 daAuts
